Unix NetHack Version 5.0.0-0 post-release - last build Jun 10 2026 00:39:30 (3ee93aec679c4c4259841fe613dc97188e26a321,branch:main).

Game began 2026-07-05 15:28:19, ended 2026-07-05 16:05:20.

HomunculusP, chaotic male elven Ranger

        -------      ---------------
        |......      |.............|
        |..<..|      |...>.......e@-########    --------
        |.....|      |..........d:.|       ###  |.......
        |......#     |.............|         ###.......|
        -|-----##    |....%........|            |......|
         #      #    ----------|----            --------
         #      #       ########
         ##     #      ##
          #     #   ---.--
          ##    ##  |.....
        ---|-    ## |....|
        |)..|     # |....|
        |).[|     # |....|
        |[[*|     ##.....|
        |)[[|       ------
        -----

HomunculusP the Lookout      St:14 Dx:12 Co:14 In:13 Wi:14 Ch:8  Chaotic
Dlvl:3  $:31 HP:0(26) Pw:33(33) AC:7  Xp:4 T:3551 

Latest messages:
 Sirius misses the gnome zombie.
 Sirius bites the gnome zombie.
 The gnome zombie misses Sirius.
 Sirius bites the gnome zombie.
 The gnome zombie misses Sirius.
 Sirius misses the gnome zombie.
 Sirius misses the gnome zombie.
 You already found a monster.  Use 'm' prefix to force another search.
 You already found a monster.  Use 'm' prefix to force another search.
 You already found a monster.  Use 'm' prefix to force another search.
 You already found a monster.  Use 'm' prefix to force another search.
 You already found a monster.  Use 'm' prefix to force another search.
 You already found a monster.  Use 'm' prefix to force another search.
 You already found a monster.  Use 'm' prefix to force another search.
 You already found a monster.  Use 'm' prefix to force another search.
 You already found a monster.  Use 'm' prefix to force another search.
 You destroy the gnome zombie!
 You see here a gnome corpse.
 You swap places with Sirius.
 Sirius misses the floating eye.
 Sirius is frozen by the floating eye's gaze!
 You hit the gnome zombie!
 You destroy the gnome zombie!
 You kill the gecko!
 You hit the floating eye!
 You are frozen by the floating eye's gaze!
 The gecko bites!
 The gecko bites!
 The gecko bites!
 The gecko bites!
 The gecko bites!
 The gecko bites!
 The gecko bites!
 The gecko bites!
 The gecko bites!
 The gecko bites!
 The gecko bites!
 The gecko bites!
 The gecko bites!
 The gecko bites!
 The gecko bites!
 The gecko bites!
 The gecko bites!
 The gecko bites!
 You die...
 Do you want your possessions identified? [ynq] (y) y
 Do you want to see your attributes? [ynq] (y) n
 Do you want an account of creatures vanquished? [ynaq] (y) n
 Do you want to see your conduct and achievements? [ynq] (y) n
 Do you want to see the dungeon overview? [ynq] (y) n

Inventory:
 Coins    ('$')
  $ - 31 gold pieces
 Weapons  (')')
  c - 55 +2 elven arrows (in quiver)
  d - 34 +0 elven arrows
  b - a +1 elven bow (alternate weapon; not wielded)
  x - a +0 sling
  a - a +1 elven dagger (weapon in right hand)
 Armor    ('[')
  I - a cursed -1 orcish helm
  e - an uncursed burnt +2 elven cloak
  B - an uncursed +0 studded leather armor (being worn)
 Comestibles  ('%')
  f - an uncursed lembas wafer
  G - an uncursed pear
  j - an uncursed tripe ration
  r - 2 uncursed lichen corpses
 Scrolls  ('?')
  o - a blessed scroll of scare monster
 Spellbooks  ('+')
  p - an uncursed spellbook of teleport away
 Potions  ('!')
  E - a blessed potion of confusion
 Wands    ('/')
  D - a wand of lightning (0:5)
  v - a wand of speed monster (0:2)
 Gems/Stones  ('*')
  l - a cursed opal

HomunculusP the Ranger's attributes:

Background:
 You were a Lookout, a level 4 male elven Ranger.
 You were chaotic, nominally on a mission for Mars
 who was opposed by Mercury (lawful) and Venus (neutral).
 You were right-handed.
 You were in the Dungeons of Doom, on level 3.
 You entered the dungeon 3551 turns ago.
 You had 90 experience points, 70 more were needed to attain level 5.

Basics:
 You had 0 out of 26 hit points.
 You had all 33 energy points (spell power).
 Your armor class was 7.
 Your wallet contained 31 zorkmids.
 Autopickup was off.

Final Characteristics:
 Your strength was 14 (limit:18).
 Your dexterity was 12 (limit:18).
 Your constitution was 14 (limit:16).
 Your intelligence was 13 (limit:20).
 Your wisdom was 14 (limit:20).
 Your charisma was 8 (limit:18).

Final Status:
 You weren't hungry.
 You were unencumbered.
 You were wielding a dagger.
 You had basic skill with dagger.

Final Attributes:
 You were piously aligned.
 You were sleep resistant.
 You had automatic searching.
 You had infravision.
 You were warded.
 You are dead.

Miscellaneous:
 You didn't encounter any bones levels.
 Total elapsed playing time was 37 minutes.

Major events:
 Turn
    1: HomunculusP the chaotic male elven Ranger entered the dungeon
 2370: attained the rank of Lookout (level 3)
 3551: killed by a gecko, while frozen by a floating eye's gaze

Spells:
 Name                 Level Category     Fail Retention
 teleport away          6   escape       100%  76%-100%

Skills:
 Fighting Skills
   bare handed combat [Unskilled]
   riding             [Unskilled]
 Weapon Skills
   dagger             [Basic]
   knife              [Unskilled]
   axe                [Unskilled]
   pick-axe           [Unskilled]
   short sword        [Unskilled]
   morning star       [Unskilled]
   flail              [Unskilled]
   hammer             [Unskilled]
   quarterstaff       [Unskilled]
   polearms           [Unskilled]
   spear              [Unskilled]
   trident            [Unskilled]
   bow                [Basic]
   sling              [Unskilled]
   crossbow           [Unskilled]
   dart               [Unskilled]
   shuriken           [Unskilled]
   boomerang          [Unskilled]
   whip               [Unskilled]
 Spellcasting Skills
   healing spells     [Unskilled]
   divination spells  [Unskilled]
   escape spells      [Unskilled]

Voluntary challenges:
 Character rerolling was not enabled.
 You were an atheist.
 You never genocided any monsters.
 You never polymorphed an object.
 You never changed form.
 You used no wishes.
Achievements:
 You attained the rank of Lookout.
 You entered a shop.

 The Dungeons of Doom: levels 1 to 3
    Level 1:
       A fountain.
    Level 2:
    Level 3: <- You were here.
       An armor shop.
       Final resting place for
          you, killed by a gecko, while frozen by a floating eye's gaze.


Vanquished creatures:
  a shrieker
 an orc zombie
 an iguana
  2 acid blobs
  a coyote
  a hobbit
  a large kobold
  a hobgoblin
  a green mold
  2 gnome zombies
  2 geckos
  a jackal
  2 foxes
  a goblin
  4 sewer rats
 11 grid bugs
  4 lichens
  5 newts
42 creatures vanquished.

No species were genocided or became extinct.

Game over:
                       ----------
                      /          \
                     /    REST    \
                    /      IN      \
                   /     PEACE      \
                  /                  \
                  |   HomunculusP    |
                  |      31 Au       |
                  |   killed by a    |
                  |      gecko       |
                  |                  |
                  |                  |
                  |       2026       |
                 *|     *  *  *      | *
        _________)/\\_//(\/(/\)/\//\/|_)_______

Goodbye HomunculusP the Ranger...

You died in The Dungeons of Doom on dungeon level 3 with 368 points,
and 31 pieces of gold, after 3551 moves.
You were level 4 with a maximum of 26 hit points when you died.

